 Dungeon Crawl Stone Soup version 0.31-a0-217-g58bb5d79cf (webtiles) character file.

Game seed: 15850098551514017455

82 qw the Chopper (level 4, -1/28 HPs)
             Began as a Gargoyle Fighter on July 2, 2023.
             Slain by a gnoll
             ... wielding a +0 halberd
              (9 damage)
             ... on level 3 of the Dungeon.
             The game lasted 00:00:56 (1513 turns).

qw the Chopper (Gargoyle Fighter)                   Turns: 1513, Time: 00:00:57

Health: -1/28      AC: 12    Str: 21    XL:     4   Next: 43%
Magic:  4/4        EV:  7    Int:  9    God:
Gold:   91         SH:  4    Dex:  9    Spells: 3/3 levels left

rFire   . . .        Y - +0 war axe
rCold   . . .        c - +0 buckler
rNeg    + . .        j - +0 chain mail
rPois   inf          (no helmet)
rElec   +            (no cloak)
rCorr   .            (no gloves)
SInv    .            (no boots)
Will    .....        (no amulet) Stlth
                     (no ring)
HPRegen 0.24/turn    (no ring)
MPRegen 0.09/turn

%: no passive effects
@: no status effects
A: sickness immunity, AC +3, negative energy resistance 1, electricity
resistance, torment resistance 1, petrification resistance
a: no special abilities


You were on level 3 of the Dungeon.
You visited 1 branch of the dungeon, and saw 3 of its levels.

You collected 91 gold pieces.


Innate Abilities, Weirdness & Mutations

You are immune to sickness and miasma.
Your stone body is resilient. (AC +3)
You are immune to poison.
You resist negative energy. (rN+)
You are resistant to electric shocks. (rElec)
You are resistant to unholy torment.
You are immune to petrification.


   Skills:
 - Level 3.2 Fighting
 + Level 4.1 Axes
 - Level 3.2 Armour
 - Level 3.2 Shields


You had 3 spell levels left.
You didn't know any spells.
Your spell library was empty.

Inventory:

Hand Weapons
 f - a +0 whip
 Y - a +0 war axe (weapon)
Armour
 c - a +0 buckler (worn)
 j - a +0 chain mail (worn)
Scrolls
 b - a scroll of immolation {unknown}
 g - 2 scrolls of identify
 h - a scroll of vulnerability {unknown}
Potions
 d - a potion of might
 e - a potion of enlightenment
 i - a potion of berserk rage {unknown}
 k - a potion of resistance
 l - a potion of degeneration {unknown}
 m - a potion of haste {unknown}

Dungeon Overview and Level Annotations

Branches:
Dungeon (3/15)

Altars:

Annotations:
D:3 Terence


Message History

The gnoll hits you from afar with a +0 halberd.
You barely miss the gnoll.
The gnoll is moderately wounded.
You barely miss the gnoll.
The hobgoblin shouts!
The gnoll hits you with a +0 club! The gnoll hits you but does no damage.
You block the gnoll's attack.
You hit the gnoll but do no damage.
The gnoll is moderately wounded.
You closely miss the gnoll. The gnoll closely misses you.
The gnoll barely misses you. x2
You hit the gnoll.
The gnoll is heavily wounded.
You hit the gnoll. The gnoll hits you but does no damage.
The gnoll closely misses you. The gnoll hits you but does no damage.
The gnoll barely misses you. You block the gnoll's attack.
An orc comes into view. It is wielding a +0 whip.
The gnoll hits you from afar with a +0 halberd.
An orc comes into view. It is wielding a +2 dagger of venom.
1510 ||| DRINKING potion of heal wounds.
You feel much better. The gnoll barely misses you.
The gnoll hits you but does no damage. The gnoll hits you with a +0 club.
You slash the gnoll!
You kill the gnoll!
You slash the gnoll! The gnoll hits you with a +0 club.
The gnoll hits you from afar with a +0 halberd.
You closely miss the gnoll.
The gnoll is almost dead.
The gnoll hits you with a +0 club.
The gnoll hits you from afar with a +0 halberd!
You barely miss the gnoll.
The gnoll is almost dead.
Terence shouts, "Get ready for death!"
The gnoll closely misses you.
An orc comes into view. It is wielding a +0 war axe.
The gnoll hits you from afar with a +0 halberd!
You die...

#.#####.#.#########
#.#.....#.....#....
#.#.#########.#.###
#.#...........#....
#.#################
#..# ##.# #.#
#@####### #)g..>...
#g#####..


o@o #og.. #....g #...... #...o... #........ You could see Terence, 2 gnolls, 4
orcs and a hobgoblin.

Vanquished Creatures
  A gnoll (D:3)
  2 adders (D:2)
  A dart slug (D:2)
  3 orcs (D:2)
  3 bats
  3 endoplasms
  2 giant cockroaches (D:1)
  3 hobgoblins
  3 jackals (D:2)
  4 kobolds
  2 quokkas (D:2)
  5 ball pythons
  6 frilled lizards
  5 goblins (D:1)
  7 rats
50 creatures vanquished.

Notes
Turn   | Place    | Note
-------+----------+-------------------------------------------
     0 | D:1      | qw the Gargoyle Fighter began the quest for the Orb.
     0 | D:1      | Reached XP level 1. HP: 14/14 MP: 1/1
     0 | D:1      | 0 ||| qw: Version: 0.3-a-40-ge99b1a8
     0 | D:1      | 0 ||| qw: Game counter: 34
     0 | D:1      | 0 ||| qw: Melee chars always use a shield: true
     0 | D:1      | 0 ||| qw: God list: Okawaru
     0 | D:1      | 0 ||| qw: Allow faded altars: false
     0 | D:1      | 0 ||| qw: Do Orc after clearing Dungeon:15 true
     0 | D:1      | 0 ||| qw: Do second Lair branch before Depths: true
     0 | D:1      | 0 ||| qw: Lair rune preference: random
     0 | D:1      | 0 ||| qw: Goals: Normal, Zot:1-4, Slime:5, God:TSO, Crypt,
                  | Tomb, Abyss, Pan, Hells, Win
     0 | D:1      | 0 ||| PLANNING D:1-11
   109 | D:1      | You fall into a shaft and drop 1 floor!
   134 | D:2      | 134 ||| READING scroll labelled PYEPYMN WOPIN.
   137 | D:2      | 137 ||| FLEEEEING.
   138 | D:2      | 138 ||| FLEEEEING.
   139 | D:2      | 139 ||| STAIRDANCE
   144 | D:1      | Reached skill level 2 in Axes
   358 | D:1      | Reached XP level 2. HP: 13/19 MP: 2/2
   420 | D:1      | 420 ||| DROPPING +0 club.
   644 | D:1      | Reached skill level 3 in Axes
   676 | D:1      | Reached XP level 3. HP: 23/23 MP: 3/3
   689 | D:1      | 689 ||| Stepping ~*~*~tactically~*~*~ (stealth).
   711 | D:1      | 711 ||| Stepping ~*~*~tactically~*~*~ (stealth).
   760 | D:1      | 760 ||| READING scroll labelled NUOFUY YH SONO.
   761 | D:1      | 761 ||| DRINKING 2 green potions.
   772 | D:2      | 772 ||| STAIRDANCE
   961 | D:2      | Found a faded altar of an unknown god.
   973 | D:2      | Reached XP level 4. HP: 28/28 MP: 4/4
   987 | D:2      | 987 ||| FLEEEEING.
   988 | D:2      | 988 ||| FLEEEEING.
  1256 | D:2      | Reached skill level 4 in Axes
  1304 | D:2      | 1304 ||| UPGRADING to +0 chain mail.
  1314 | D:2      | 1314 ||| DROPPING +0 scale mail.
  1315 | D:2      | 1315 ||| READING 2 scrolls labelled WEZ DAORHAASHE.
  1316 | D:2      | 1316 ||| DRINKING 2 sedimented grey potions.
  1317 | D:2      | 1317 ||| READING 2 scrolls of identify.
  1317 | D:2      | 1317 ||| IDENTIFYING metallic puce potion
  1318 | D:2      | 1318 ||| DROPPING scroll of amnesia.
  1367 | D:3      | 1367 ||| Stepping ~*~*~tactically~*~*~ (stealth).
  1369 | D:3      | 1369 ||| Stepping ~*~*~tactically~*~*~ (stealth).
  1499 | D:3      | 1499 ||| Stepping ~*~*~tactically~*~*~ (hiding).
  1500 | D:3      | 1500 ||| Stepping ~*~*~tactically~*~*~ (hiding).
  1501 | D:3      | 1501 ||| Stepping ~*~*~tactically~*~*~ (hiding).
  1504 | D:3      | Noticed Terence
  1509 | D:3      | HP: 6/28 [gnoll/+0 halberd (3)]
  1510 | D:3      | 1510 ||| DRINKING potion of heal wounds.
  1513 | D:3      | Slain by a gnoll

Levels and vault maps discovered:
D:1:      lightli_arrival_chessboard, layout_basic, minmay_tetromino_t4
D:2:      wad_crossroads, layout_rooms, ebering_ecumenical_altar_rust
D:3:      layout_basic, serial_curves, eino_curves_03, eino_curves_04,
          roderic_serpentine_path, uniq_terence, uniq_crazy_yiuf_cottage

Skill      XL: |  1  2  3  4 |
---------------+-------------+-----
Axes           | 2 3 4 |  4.1
Fighting       | |  3.2
Armour         | |  3.2
Shields        | |  3.2

Action                     |  1- 3 |  4- 6 || total
---------------------------+-------+-------++-------
  Melee: War axe           |   120 |    50 ||   170
    Use: Scroll            |     2 |     2 ||     4
         Potion            |     1 |     2 ||     3
 Armour: Scale mail        |    69 |    15 ||    84
         Chain mail        |       |     5 ||     5
  Dodge: Dodged            |    54 |    28 ||    82
  Block: Buckler           |    34 |     7 ||    41

Table legend:
 A = Non-vault XP
 B = Vault XP
 C = Vault XP percentage of total XP
 D = Non-vault monster count
 E = Vault monster count
 F = Vault count percentage of total count
                 A         B        C        D         E       F
            +---------+---------+-------+---------+---------+-------
      Total |     108 |      10 |   8.5 |      44 |       6 |  12.0
            +---------+---------+-------+---------+---------+-------
        D:1 |      36 |       3 |   7.7 |      25 |       2 |   7.4
        D:2 |      54 |       7 |  11.5 |      15 |       4 |  21.1
        D:3 |      18 |       0 |   0.0 |       4 |       0 |   0.0
            +---------+---------+-------+---------+---------+-------
